Map: Efflorescence LE

Players

Некромант

  • Race: Protoss Protoss
  • Spawn Location: 6:00

Vlados

  • Race: Protoss Protoss
  • Spawn Location: 9:00

qqq - Winner!

  • Race: Zerg Zerg
  • Spawn Location: 3:00

Massa - Winner!

  • Race: Terran Terran
  • League: Platinum
  • Spawn Location: 12:00

VOD

Have the link to the VOD?

Description

Time

  • Played on: Oct. 3, 2020, 5:40 p.m.
  • Length: 4:54
Show
View Real Time Build Order
Export as new Build Order

Некромант Protoss 

Build Orders:  

Get SALT Encoding   

  12  0:01  Probe (Chrono Boost)  
  13  0:17  Probe  
  13  0:20  Pylon  
  14  0:29  Probe  
  15  0:42  Gateway  
  15  0:45  Probe  
  16  0:50  Assimilator  
  16  1:04  Probe (Chrono Boost)  
  16  1:08  Assimilator  
  17  1:14  Probe (Chrono Boost)  
  18  1:19  Probe  
  19  1:32  Cybernetics Core  
  19  1:36  Probe  
  20  1:41  Pylon  
  20  1:49  Probe  
  21  2:01  Probe  
  22  2:11  Nexus  
  22  2:13  Pylon  
  22  2:27  Stargate  
  22  2:39  Stargate  
  22  2:41  Probe  
  23  3:04  Probe  
  24  3:05  Void Ray  
  28  3:26  Void Ray  
  32  3:40  Assimilator  
  33  3:42  Probe (Chrono Boost)  
  33  3:45  Probe (Chrono Boost), Assimilator  
  34  3:53  Probe (Chrono Boost)  
  34  3:54  Void Ray  
  36  3:56  Probe (Chrono Boost)  
  36  3:58  Probe (Chrono Boost)  
  41  4:05  Probe  
  41  4:08  Probe  
  43  4:17  Probe  
  44  4:29  Probe  
Show
View Real Time Build Order
Export as new Build Order

Vlados Protoss 

Build Orders:  

Get SALT Encoding   

  12  0:01  Probe  
  13  0:17  Pylon  
  13  0:18  Probe  
  14  0:30  Probe  
  15  0:42  Probe  
  15  0:43  Gateway  
  16  0:54  Assimilator  
  16  0:55  Probe  
  17  1:07  Probe  
  18  1:19  Probe  
  18  1:21  Pylon, Assimilator  
  19  1:31  Probe  
  20  1:36  Cybernetics Core  
  20  1:43  Probe  
  21  1:50  Pylon  
  21  1:56  Probe  
  22  2:22  Probe, Stargate  
  23  2:40  Stargate  
  23  2:43  Nexus  
  23  2:49  Probe  
  24  2:52  Pylon  
  24  2:58  Zealot  
  26  3:12  Shield Battery  
  26  3:16  Void Ray  
  30  3:30  Void Ray  
  30  3:31  Assimilator  
  34  3:46  Assimilator  
  34  3:55  Probe, Void Ray  
  39  4:08  Probe x2  
  41  4:20  Probe  
Show
View Real Time Build Order
Export as new Build Order

qqq Zerg - Winner!

Build Orders: Hatch First 

Get SALT Encoding   

  12  0:04  Drone  
  13  0:11  Drone  
  14  0:37  Hatchery  
  13  0:51  Drone  
  13  0:56  Spawning Pool  
  13  1:03  Overlord  
  13  1:07  Drone  
  14  1:13  Extractor  
  14  1:14  Drone  
  14  1:21  Drone  
  15  1:29  Drone  
  16  1:36  Drone  
  17  1:47  Drone  
  18  1:51  Queen  
  18  1:53  Drone  
  21  1:59  Drone  
  22  2:06  Drone  
  23  2:10  Zergling x2  
  23  2:13  Drone  
  25  2:15  Queen  
  25  2:20  Overlord  
  27  2:30  Zergling x2  
  27  2:32  Overlord  
  28  2:41  Overlord  
  28  2:42  Zergling x2  
  29  2:45  Zergling x2  
  29  2:47  Metabolic Boost  
  29  2:51  Zergling x2  
  31  2:57  Zergling x2  
  32  3:00  Zergling x4  
  32  3:04  Zergling x2  
  35  3:05  Zergling x2  
  35  3:06  Zergling x2  
  37  3:15  Zergling x2  
  37  3:16  Zergling x2  
  39  3:26  Zergling x2  
  40  3:27  Zergling x2  
  41  3:40  Zergling x2  
  41  3:41  Overlord  
  42  3:47  Zergling x2  
  43  3:53  Zergling x2  
  44  4:00  Zergling x2  
  44  4:01  Zergling x6  
  48  4:08  Drone x2  
  50  4:21  Hatchery  
Show
View Real Time Build Order
Export as new Build Order

Massa Terran - Winner!

Build Orders:  

Get SALT Encoding   

  12  0:00  SCV  
  13  0:12  SCV  
  14  0:19  Supply Depot  
  14  0:24  SCV  
  15  0:41  SCV  
  16  0:43  Barracks  
  16  0:53  SCV  
  17  0:59  Refinery  
  17  1:05  SCV  
  17  1:11  Supply Depot  
  18  1:17  SCV  
  18  1:18  Barracks  
  19  1:29  SCV  
  20  1:33  Marine  
  20  1:37  Barracks  
  21  1:47  Orbital Command  
  21  1:52  Marine  
  22  2:07  Marine  
  23  2:08  Factory  
  23  2:12  Marine  
  24  2:19  Supply Depot  
  24  2:21  SCV  
  25  2:24  Marine  
  25  2:28  Marine  
  25  2:29  Marine  
  28  2:42  Marine  
  29  2:46  Marine  
  29  2:47  Marine  
  31  2:53  Starport  
  31  2:55  Hellion  
  33  3:00  Marine  
  33  3:04  Marine  
  33  3:05  Marine  
  36  3:13  Supply Depot  
  36  3:16  Supply Depot  
  36  3:18  Marine  
  37  3:21  Supply Depot  
  37  3:27  Marine x2  
  39  3:36  Medivac  
  39  3:40  Hellion  
  43  3:50  Marine x3  
  46  4:03  Hellion  
  46  4:07  Marine  
  46  4:08  Marine x2  
  51  4:10  Liberator  
Tags
 
Add a new tag
Caveats
  • Supply blocks, unpowered buildings, or Contaminate may cause inaccurate times.
  • Supply counts are checked every 10 seconds.